 Dungeon Crawl Stone Soup version 0.27.1-35-g4d5d836560 (webtiles) character file.

Game seed: 9511347213149351779

5109 Delamore the Basher (level 10, -6/66 HPs)
             Began as an Octopode Brigand on July 1, 2022.
             Was an Initiate of Gozag.
             Mangled by a freezing wraith (21 damage)
             ... on level 8 of the Dungeon.
             The game lasted 00:09:53 (11105 turns).

Delamore the Basher (Octopode Brigand)             Turns: 11105, Time: 00:09:54

Health: -6/66      AC:  1    Str: 10    XL:     10   Next: 57%
Magic:  0/10       EV: 15    Int: 21    God:    Gozag
Gold:   331        SH:  5    Dex: 16    Spells: 9/9 levels left

rFire    . . .     SeeInvis +   H - +3 mace of Understanding {spect, rN+ Stlth+}
rCold    . . .     Faith    .   l - +0 buckler
rNeg     + . .     Spirit   +   (helmet restricted)
rPois    .         Reflect  .   N - amulet of guardian spirit
rElec    .         Harm     .   q - ring of see invisible
rCorr    .         Rampage  .   t - ring of wizardry
Will     .....                  w - +6 ring of intelligence
Stlth    +++++.....             (no ring)
HPRegen  0.21/turn              (no ring)
MPRegen  0.12/turn              (no ring)
                                (no ring)
                                (no ring)

@: slowed, very slow
A: almost no armour, amphibious, 8 rings, camouflage 1, gelatinous body 1,
(nimble swimmer 1), tentacles
a: Renounce Religion, Potion Petition, Call Merchant, Bribe Branch


You were on level 8 of the Dungeon.
You worshipped Gozag.
Gozag was aware of your devotion.
You visited 2 branches of the dungeon, and saw 10 of its levels.

You collected 702 gold pieces.
You spent 232 gold pieces at shops.
You paid 139 gold pieces to Gozag.

Inventory:

Hand Weapons
 a - a +2 dagger
 C - a +0 short sword of draining
 H - the +3 mace of Understanding (weapon) {spect, rN+ Stlth+}
   (You bought it in a shop on level 6 of the Dungeon)

   When its wielder attacks, the weapon's spirit leaps out and strikes again.
   The spirit shares a part of any damage it takes with its wielder.
   rN:        It protects you from negative energy.
   Stlth:     It makes you more stealthy.
 O - a +5 short sword of draining
Missiles
 b - 41 poisoned darts (quivered)
 c - 2 curare-tipped darts
 m - 8 boomerangs
 F - 4 throwing nets
Armour
 l - a +0 buckler (worn)
Jewellery
 o - an amulet of faith
 p - a ring of ice
 q - a ring of see invisible (left tentacle)
 t - a ring of wizardry (right tentacle)
 w - a +6 ring of intelligence (on tentacle)
 y - an amulet of magic regeneration
 G - a ring of fire
 N - an amulet of guardian spirit (around mantle)
 P - an amulet of the acrobat
Wands
 g - a wand of acid (8)
 u - a wand of digging (5)
 z - a wand of flame (19)
 L - a wand of charming (7)
Scrolls
 f - 3 scrolls of magic mapping
 i - 3 scrolls of amnesia
 j - 2 scrolls of immolation
 n - 2 scrolls of vulnerability
 r - 2 scrolls of enchant weapon
 x - a scroll of summoning
 A - 4 scrolls of teleportation
 B - 2 scrolls of fog {unknown}
 J - a scroll of brand weapon
 K - a scroll of acquirement {unknown}
Potions
 d - 4 potions of flight {unknown}
 e - a potion of berserk rage {unknown}
 h - a potion of might {unknown}
 k - a potion of cancellation {unknown}
 s - 3 potions of heal wounds {unknown}
 v - 2 potions of mutation {unknown}
 D - 5 potions of curing {unknown}
 E - a potion of degeneration {unknown}
 M - a potion of lignification {unknown}
 Q - a potion of magic {unknown}
 R - a potion of invisibility {unknown}


   Skills:
 - Level 5.0 Fighting
 - Level 8.5 Short Blades
 + Level 9.7 Maces & Flails
 - Level 2.0 Throwing
 - Level 5.0 Dodging
 - Level 5.3 Stealth
 - Level 5.0 Shields


You had 9 spell levels left.
You didn't know any spells.
Your spell library contained the following spells:

 Spells                   Type           Power      Damage    Failure   Level
 Gell's Gravitas          Tloc           0%         N/A       21%         3
 Portal Projectile        Hex/Tloc       0%         N/A       21%         3
 Teleport Other           Tloc           0%         N/A       21%         3
 Alistair's Intoxication  Tmut/Pois      0%         N/A       86%         5
 Blade Hands              Tmut           0%         N/A       86%         5
 Borgnjor's Vile Clutch   Necr/Erth      0%         N/A       86%         5
 Excruciating Wounds      Necr           0%         N/A       86%         5
 Dispersal                Tloc           0%         N/A       100%        6
 Eringya's Noxious Bog    Tmut/Pois      0%         N/A       100%        6


Dungeon Overview and Level Annotations

Branches:
Dungeon (9/15)             Temple (1/1) D:6
   Lair: D:8-11         Orc: D:9-12

Altars:
Ashenzari
Cheibriados
Dithmenos
Elyvilon
Gozag
Hepliaklqana
Kikubaaqudgha
Makhleb
Nemelex Xobeh
Okawaru
Qazlal
Ru
Sif Muna
Trog
Uskayaw
Vehumet
Wu Jian
Xom
Yredelemnul
Zin
The Shining One

Shops:
D:6 *

Annotations:
D:6 3 runed translucent doors, Efficiency's ghost, novice TrDe
D:7 2 transporters, makewrite's ghost, novice DrBe


Innate Abilities, Weirdness & Mutations

You cannot wear most types of armour.
You are amphibious.
You can wear up to eight rings at the same time.
Your skin changes colour to match your surroundings (Stealth+).
Your rubbery body absorbs attacks. (AC +1, EV +1)
((You are camouflaged near water. (Stealth+)))
You have tentacles for arms and can constrict up to eight enemies at once.


Message History

You climb upwards.
You feel sick.
You are no longer poisoned.
There is a stone staircase leading down here.
Blink to where?
Press: ? - help, Dir - move target
As you read the scroll of blinking, it crumbles to dust.
There is a stone staircase leading up here.
You climb upwards.
Level annotation: 2 transporters, makewrite's ghost, novice DrBe
There is a stone staircase leading down here.
You start resting.
You feel yourself speed up.
You start resting.
Magic restored.
You start resting.
HP restored.
You climb downwards.
You block the freezing wraith's attack. The freezing wraith closely misses you.
There is a stone staircase leading up here.
You barely miss the freezing wraith.
Your +3 mace of Understanding {spect, rN+ Stlth+} hits the freezing wraith.
The freezing wraith barely misses you. The freezing wraith hits you!
You completely miss the freezing wraith.
You squeeze the freezing wraith, but do no damage.
The freezing wraith is lightly damaged.
Your +3 mace of Understanding {spect, rN+ Stlth+} hits the freezing wraith!
The freezing wraith hits you. The freezing wraith freezes you!!
The freezing wraith hits you! The freezing wraith drains your vigour!
You feel yourself slow down.
You are too injured to fight recklessly!
You are too injured to fight recklessly!
You hit the freezing wraith but do no damage.
You squeeze the freezing wraith, but do no damage.
The freezing wraith is moderately damaged.
Your +3 mace of Understanding {spect, rN+ Stlth+} hits the freezing wraith!
The freezing wraith hits you!
* * * LOW HITPOINT WARNING * * *
The freezing wraith freezes you!!
You die...
Your body crumbles into a pile of gold.

#.....##########....W$##.
#.....# #......###
###.### #..W...##. #.#
####.#.###.. #.#
####.......)).. #.#
#....#.##.##... #.#
###.####.##.##...
#.#####W..#....##.###..
#..#..@(#...####..# ##.
##..........# #.## ##
#....(.....# #.# #.
##.........####.#####.
#.#.#..........##....
#.#.#..........##....
#.(.#................
##............)......
###..........#......


You could see a freezing wraith and a friendly +3 mace of Understanding {spect,
rN+ Stlth+} (summoned).

Vanquished Creatures
  Pikel (D:8)
  Maurice (D:9)
  A komodo dragon (D:5)
  A troll (D:7)
  A hornet (D:6)
  Prince Ribbit (D:8)
  A wyvern (D:8)
  A steam dragon (D:9)
  A water moccasin (D:9)
  2 orc warriors (D:8)
  A sky beast (D:8)
  2 black bears (D:5)
  An ice beast (D:6)
  3 ogres
  A necrophage (D:6)
  4 centaurs
  3 phantoms
  2 lemures (D:8)
  2 kobold brigands (D:8)
  2 bullfrogs
  3 scorpions
  A water moccasin zombie (D:6)
  3 wights
  4 killer bees
  3 bullfrog zombies
  5 hounds
  3 jellies
  2 centaur skeletons (D:6)
  An orc priest (D:4)
  A bullfrog skeleton (D:5)
  4 iguanas
  Natasha (thrice) (D:4)
  An orc wizard (D:8)
  A killer bee zombie (D:7)
  A hound skeleton (D:4)
  A howler monkey zombie (D:7)
  4 gnolls (D:5)
  8 adders
  A howler monkey skeleton (D:7)
  4 shadow imps (D:4)
  An adder skeleton (D:4)
  3 dart slugs
  18 orcs
  8 ball pythons
  6 bats
  An endoplasm (D:3)
  6 giant cockroaches
  5 goblins
  6 hobgoblins
  5 jackals
  5 quokkas
  2 frilled lizards
  14 kobolds
  7 rats
173 creatures vanquished.

Notes
Turn   | Place    | Note
-------+----------+-------------------------------------------
     0 | D:1      | Delamore the Octopode Brigand began the quest for the Orb.
     0 | D:1      | Reached XP level 1. HP: 14/14 MP: 1/1
    75 | D:1      | Found a faded altar of an unknown god.
   189 | D:1      | Reached XP level 2. HP: 20/20 MP: 2/2
   993 | D:1      | Reached XP level 3. HP: 24/25 MP: 3/3
  1609 | D:2      | Reached XP level 4. HP: 31/31 MP: 4/4
  1910 | D:3      | Noticed a scorpion
  1914 | D:3      | Killed a scorpion
  1915 | D:3      | Reached skill level 1 in Shields
  1915 | D:3      | Reached XP level 5. HP: 37/37 MP: 5/5
  2848 | D:4      | Noticed Natasha
  2859 | D:4      | Killed Natasha
  2865 | D:4      | Reached XP level 6. HP: 20/43 MP: 6/6
  2895 | D:4      | Noticed Natasha
  2902 | D:4      | Killed Natasha
  3109 | D:4      | Found a transporter.
  3302 | D:4      | Found a transporter.
  3377 | D:4      | Noticed Natasha
  3383 | D:4      | Killed Natasha
  4204 | D:4      | Reached XP level 7. HP: 25/49 MP: 7/7
  4584 | D:5      | Entered Level 5 of the Dungeon
  4678 | D:5      | Reached skill level 5 in Fighting
  4800 | D:5      | Reached skill level 5 in Dodging
  5274 | D:5      | Reached skill level 5 in Shields
  5274 | D:5      | Reached XP level 8. HP: 25/55 MP: 8/8
  5492 | D:5      | Noticed a komodo dragon
  5522 | D:5      | Killed a komodo dragon
  5877 | D:5      | Reached skill level 5 in Short Blades
  6490 | D:6      | Found a runed translucent gate.
  6492 | D:6      | Found a runed translucent gate.
  6494 | D:6      | Found a runed translucent gate.
  6517 | D:6      | Noticed Efficiency's ghost (novice TrDe)
  6528 | D:6      | Noticed a hornet
  6534 | D:6      | Killed a hornet
  6535 | D:6      | Reached XP level 9. HP: 50/61 MP: 9/9
  6900 | D:6      | Found Tevvel's Assorted Antiques.
  6904 | D:6      | Bought an iridescent mace for 232 gold pieces
  6904 | D:6      | Identified the +3 mace of Understanding {spect, rN+ Stlth+}
                  | (You bought it in a shop on level 6 of the Dungeon)
  6920 | D:6      | Reached skill level 1 in Maces & Flails
  6933 | D:6      | Reached skill level 2 in Maces & Flails
  7137 | D:6      | Found a staircase to the Ecumenical Temple.
  7233 | Temple   | Entered the Ecumenical Temple
  7550 | D:7      | Reached skill level 3 in Maces & Flails
  7695 | D:7      | Found a transporter.
  7697 | D:7      | Found a transporter.
  7698 | D:7      | Noticed makewrite's ghost (novice DrBe)
  8393 | Temple   | Became a worshipper of Gozag Ym Sagoz the Greedy
  8467 | D:8      | Noticed a troll
  8486 | D:7      | Reached skill level 4 in Maces & Flails
  8490 | D:7      | Killed a troll
  8491 | D:7      | Reached skill level 5 in Maces & Flails
  8914 | D:8      | Reached skill level 6 in Maces & Flails
  8949 | D:8      | Reached skill level 7 in Maces & Flails
  8949 | D:8      | Reached XP level 10. HP: 36/66 MP: 10/10
  9428 | D:8      | Noticed Prince Ribbit
  9436 | D:8      | Killed Prince Ribbit
  9437 | D:8      | Reached skill level 8 in Maces & Flails
  9751 | D:8      | Noticed Pikel
  9771 | D:8      | Killed Pikel
 10145 | D:9      | Noticed Maurice
 10155 | D:9      | Killed Maurice
 10156 | D:9      | Reached skill level 9 in Maces & Flails
 10221 | D:9      | Found a glowing golden altar of the Shining One.
 10851 | D:9      | Noticed a four-headed hydra
 11105 | D:8      | Mangled by a freezing wraith

Illustrated notes

Levels and vault maps discovered:
D:1:      dpeg_arrival_prison, layout_loops_ring, shapermc_ecumenical_altar_gd
D:2:      layout_loops_ring, kennysheep_generic_room_6
D:3:      layout_rooms, hex_intersection, minmay_pentomino_pile
D:4:      gammafunk_wand_slinger, layout_basic, hangedman_abyss_or_decor_stabs,
          uniq_natasha
D:5:      layout_loops_cross
D:6:      layout_cave_pools, minmay_temple_entry_poolview, serial_shops,
          nicolae_shop_trees, gammafunk_ghost_necromancy
D:7:      layout_loops_ring, gammafunk_ghost_mausoleum
D:8:      layout_rooms, uniq_prince_ribbit1, uniq_pikel
D:9:      minmay_the_grid_triangle_9x9_recursive_2_mashed
          [minmay_the_grid_triangle_9x9_prize_top_heavy,
          minmay_the_grid_triangle_9x9_zippers_horizontal,
          minmay_the_grid_triangle_9x9_corruption,
          minmay_the_grid_triangle_9x9_pentomino_pain], layout_stronghold,
          mainiacjoe_overflow_chevrons, hiddenorc2_lemuel, kennysheep_donut,
          minivault_11, uniq_maurice
Temple:   compressed_dpeg_triangle_lava_temple

Skill      XL: |  1  2  3  4  5  6  7  8  9 10 |
---------------+-------------------------------+-----
Dodging        | 2 3 4 5 |  5.0
Fighting       | 3 4 5 |  5.0
Shields        | 1 2 3 5 |  5.0
Short Blades   | 7 8 |  8.5
Maces & Flails | 7 9 |  9.7
Throwing       | |  2.0
Stealth        | |  5.3

Action                   |  1- 3 |  4- 6 |  7- 9 | 10-12 || total
-------------------------+-------+-------+-------+-------++-------
Melee: Dagger            |    55 |   113 |    58 |       ||   226
       Tentacles         |    12 |    26 |    46 |    15 ||    99
       Constrict         |    12 |    29 |    32 |    17 ||    90
       Short sword       |       |       |    86 |       ||    86
       Mace              |       |       |    66 |    79 ||   145
Throw: Dart              |       |    13 |    36 |     3 ||    52
       Boomerang         |       |       |     1 |       ||     1
Evoke: Wand              |       |     2 |       |       ||     2
  Use: Scroll            |       |     1 |     6 |     4 ||    11
 Stab: Sleeping          |    18 |    12 |    17 |     4 ||    51
       Distracted        |       |     1 |     1 |     2 ||     4
Armor: Skin              |     3 |     4 |     6 |     3 ||    16
Dodge: Dodged            |    20 |    64 |   111 |    45 ||   240
Block: Buckler           |       |    12 |    42 |    14 ||    68
